 Dungeon Crawl Stone Soup version 0.30.1-1-g62c8e00024 (webtiles) character file.

Game seed: 12841315455370039593

5539 booth the Cleaver (level 9, 0/72 HPs)
             Began as a Gnoll Reaver on July 16, 2023.
             Was a High Priest of Ru.
             Killed by divine providence
             ... invoked by an orc priest
              (12 damage)
             ... on level 9 of the Dungeon on July 17, 2023.
             The game lasted 01:27:49 (11734 turns).

booth the Cleaver (Gnoll Reaver)                   Turns: 11734, Time: 01:27:50

Health: 0/72       AC: 12    Str: 16    XL:     9   Next: 71%
Magic:  20/20      EV: 13    Int: 13    God:    Ru [*****.]
Gold:   585        SH:  0    Dex: 10    Spells: 6/23 levels left

rFire   + . .        E - +3 quarterstaff (flame)
rCold   . . .        (shield currently unavailable)
rNeg    . . .        A - +0 swamp dragon scales
rPois   +            (no helmet)
rElec   .            C - +0 cloak
rCorr   .            r - +1 pair of gloves
SInv    .            j - +0 pair of boots
Will    .....        (no amulet)
Stlth   ++           p - +4 ring of protection
HPRegen 0.32/turn    w - ring of protection from fire
MPRegen 0.17/turn

%: no passive effects
@: no status effects
A: fangs 1, inability to use devices, reduced AC 1, inexperienced 1, missing an
eye, strong nose, distributed training
a: Renounce Religion, Draw Out Power, Power Leap, Apocalypse


You were on level 9 of the Dungeon.
You worshipped Ru.
Ru was extremely pleased with you.
You visited 2 branches of the dungeon, and saw 10 of its levels.

You collected 1501 gold pieces.
You spent 916 gold pieces at shops.

Inventory:

Hand Weapons
 e - the +6 whip "Zag Bito" {speed, rPois Stlth+}
   (You found it on level 2 of the Dungeon)

   rPois:     It protects you from poison.
   Stlth:     It makes you more stealthy.
 l - a +2 hand axe
 m - a +2 mace of draining
 E - a +3 quarterstaff of flaming (weapon)
 F - a +2 demon trident of draining
Missiles
 a - 8 poisoned darts (quivered)
 y - 3 boomerangs
 D - 3 atropa-tipped darts
Armour
 b - a +0 leather armour
 d - a +0 ring mail
 j - a +0 pair of boots (worn)
 r - a +1 pair of gloves (worn)
 t - a +2 robe of cold resistance
 A - +0 swamp dragon scales (worn)
 C - a +0 cloak (worn)
Jewellery
 i - a +6 ring of dexterity
 p - a +4 ring of protection (left hand)
 s - a +5 ring of evasion
 w - a ring of protection from fire (right hand)
 H - the ring "Puxoury" {Fly Int+8 Dex-5}
   (You found it on level 9 of the Dungeon)

   [ring of flight]

   Int:       It affects your intelligence (+8).
   Dex:       It affects your dexterity (-5).
   Fly:       It grants you flight.
Scrolls
 f - 3 scrolls of teleportation
 k - a scroll of vulnerability
 q - a scroll of fear
 u - a scroll of silence
 B - 2 scrolls of amnesia
 G - a scroll of identify
Potions
 c - a potion of ambrosia
 g - a potion of berserk rage
 h - 2 potions of lignification
 n - a potion of attraction
 o - 3 potions of heal wounds
 v - a potion of might
 x - 2 potions of curing {unknown}
 z - a potion of mutation {unknown}


   Skills:
 + Level 7.4 Fighting
 + Level 5.7 Short Blades
 + Level 5.7 Long Blades
 + Level 8.8 Axes
 + Level 5.7 Maces & Flails
 + Level 5.7 Polearms
 + Level 5.7 Staves
 + Level 5.7 Ranged Weapons
 + Level 5.7 Throwing
 + Level 5.7 Armour
 + Level 7.4 Dodging
 + Level 5.7 Stealth
 + Level 5.7 Shields
 + Level 5.7 Unarmed Combat
 + Level 7.7 Spellcasting
 + Level 7.3 Conjurations
 + Level 4.7 Hexes
 + Level 4.7 Summonings
 + Level 4.7 Necromancy
 + Level 4.7 Translocations
 + Level 4.7 Transmutations
 + Level 4.7 Fire Magic
 + Level 4.7 Ice Magic
 + Level 4.7 Air Magic
 + Level 4.7 Earth Magic
 + Level 4.7 Poison Magic
 + Level 6.3 Invocations
   Level 0.0 Evocations


You had 6 spell levels left.
You knew the following spells:

 Your Spells              Type           Power      Damage    Failure   Level
a - Kiss of Death         Conj/Necr      80%        2d11      1%          1
b - Momentum Strike       Conj/Tloc      40%        3d9       3%          2
c - Hailstorm             Conj/Ice       20%        3d6       6%          3
d - Blink                 Tloc           34%        N/A       5%          2
e - Manifold Assault      Tloc           17%        N/A       34%         4
f - Poisonous Vapours     Pois/Air       34%        N/A       5%          2
g - Mephitic Cloud        Conj/Pois/Air  19%        N/A       8%          3

Your spell library contained the following spells:

 Spells                   Type           Power      Damage    Failure   Level
 Freezing Cloud           Conj/Ice/Air   9%         6-21      56%         5
 Storm Form               Tmut/Air       8%         N/A       100%        7


Dungeon Overview and Level Annotations

Branches:
Dungeon (9/15)             Temple (1/1) D:7            Lair (0/5) D:8
    Orc: D:9-12

Altars:
Ashenzari
Cheibriados
Dithmenos
Elyvilon
Fedhas
Gozag
Hepliaklqana
Kikubaaqudgha
Makhleb
Nemelex Xobeh
Qazlal
Ru
Sif Muna
Trog
Uskayaw
Vehumet
Wu Jian
Xom
Yredelemnul
Zin
The Shining One

Shops:
D:3 ?   D:7 ?


Innate Abilities, Weirdness & Mutations

You have very sharp teeth.
You cannot study or use magical devices.
You take slightly more damage. (AC -5)
You are somewhat inexperienced. (-1 XL)
You are missing an eye, making it more difficult to aim.
Your uncanny sense of smell can sniff out nearby items.
Your experience applies equally to all skills.


Message History

Press: ? - help, Q - select action, (/) - cycle Shift-Dir - straight line, f/p - orc warrior
Aim: an orc warrior, wielding a +0 hand axe of electrocution and wearing a +0 plate armour (lightly wounded, 44% to hit)
You throw a poisoned dart. The poisoned dart hits the orc warrior!
The orc warrior is poisoned.
The orc warrior is lightly wounded.
Throw: 10 darts (poison)
Press: ? - help, Q - select action, (/) - cycle Shift-Dir - straight line, f/p - orc warrior
Aim: an orc warrior, wielding a +0 hand axe of electrocution and wearing a +0 plate armour (lightly wounded, very poisoned, 44% to hit)
You throw a poisoned dart.
The poisoned dart closely misses the orc warrior.
The orc warrior hits you with a +0 hand axe of electrocution!
* * * LOW HITPOINT WARNING * * *
You focus your inner power and paralyse the orc warrior in retribution!
The helpless orc warrior fails to defend itself.
You hit the orc warrior. You burn the orc warrior. You bite the orc warrior.
The orc warrior is heavily wounded.
The helpless orc warrior fails to defend itself.
You hit the orc warrior but do no damage.
The orc warrior is heavily wounded.
The helpless orc warrior fails to defend itself.
You thump the orc warrior! You burn the orc warrior.
You kill the orc warrior!
You miss the orc priest.
The orc priest shouts!
You bite the orc priest.
The orc priest is lightly wounded.
The orc priest begins to pray, but is stunned by your conviction!
The orc priest miscasts a cantrip.
You sock the orc priest! You burn the orc priest.
The orc priest is almost dead.
The orc priest hits you with a +0 flail!
* * * LOW HITPOINT WARNING * * *
Throw: 9 darts (poison)
Press: ? - help, Q - select action, (/) - cycle Shift-Dir - straight line, f - orc priest
Aim: an orc priest, wielding a +0 flail (almost dead, 44% to hit)
You throw a poisoned dart. The poisoned dart hits the orc priest.
The orc priest is almost dead.
The orc priest invokes the aid of Beogh against you.
Beogh smites you!
You die...

######### ######
#...##..## ##....#
#........# #......
#..@o(o.(# #......
#...###.#######..###
#######)##.#..######
#............o......
#......o............
#........#..#..#....
####################
# #


You could see 2 orc priests.

Vanquished Creatures
  A komodo dragon (D:8)
  Maggie (D:8)
  Sigmund (D:3)
  4 yaks
  A steam dragon (D:8)
  An acid dragon (D:8)
  2 water moccasins
  A black bear (D:4)
  A sky beast (D:7)
  3 orc warriors
  2 ice beasts
  4 ogres
  A centaur (D:7)
  A phantom (D:4)
  2 gnoll sergeants
  4 bullfrogs
  2 scorpions (D:4)
  10 wights
  5 killer bees (D:7)
  3 hounds
  2 jellies
  Crazy Yiuf (D:7)
  6 orc priests
  2 gnoll boudas
  Natasha (thrice) (D:2)
  2 sleepcaps
  4 iguanas
  7 orc wizards
  20 gnolls
  6 adders
  A white imp (D:7)
  3 ufetubi
  26 orcs
  12 endoplasms
  3 giant cockroaches
  5 hobgoblins
  8 jackals
  6 kobolds
  2 quokkas
  2 ball pythons (D:1)
  5 bats
  2 frilled lizards
  5 goblins
  6 rats
189 creatures vanquished.

Vanquished Creatures (others)
  A two-headed ogre (D:6)
  A bullfrog (D:8)
  A wight (D:7)
  A gnoll bouda (D:5)
  An orc (D:6)
5 creatures vanquished.

Grand Total: 194 creatures vanquished

Notes
Turn   | Place    | Note
-------+----------+-------------------------------------------
     0 | D:1      | booth the Gnoll Reaver began the quest for the Orb.
     0 | D:1      | Reached XP level 1. HP: 20/20 MP: 6/6
    48 | D:1      | Found a faded altar of an unknown god.
    59 | D:1      | Prayed at the altar of an unknown god.
    59 | D:1      | Became a worshipper of Ru the Awakened
    60 | D:1      | Gained mutation: You cannot study or use magical devices.
                  | [Ru sacrifice]
    60 | D:1      | Reached * piety under Ru
    60 | D:1      | Reached ** piety under Ru
   181 | D:1      | Reached XP level 2. HP: 25/26 MP: 7/7
   184 | D:1      | Learned a level 2 spell: Momentum Strike
   668 | D:1      | Reached XP level 3. HP: 31/31 MP: 9/9
   686 | D:1      | Reached skill level 5 in Spellcasting
   925 | D:1      | Learned a level 3 spell: Hailstorm
  1129 | D:2      | Reached skill level 1 in Invocations
  1135 | D:2      | Reached skill level 1 in Short Blades
  1135 | D:2      | Reached skill level 1 in Long Blades
  1135 | D:2      | Reached skill level 1 in Maces & Flails
  1135 | D:2      | Reached skill level 1 in Polearms
  1135 | D:2      | Reached skill level 1 in Staves
  1135 | D:2      | Reached skill level 1 in Ranged Weapons
  1135 | D:2      | Reached skill level 1 in Throwing
  1135 | D:2      | Reached skill level 1 in Armour
  1135 | D:2      | Reached skill level 1 in Stealth
  1135 | D:2      | Reached skill level 1 in Shields
  1135 | D:2      | Reached skill level 1 in Unarmed Combat
  1478 | D:2      | Found a burning altar of Makhleb.
  1550 | D:2      | Identified the +6 whip "Zag Bito" {speed, rPois Stlth+}
  1571 | D:2      | Reached XP level 4. HP: 38/38 MP: 11/11
  1574 | D:2      | Learned a level 2 spell: Blink
  1708 | D:2      | Noticed Natasha
  1715 | D:2      | Killed Natasha
  1716 | D:2      | Reached skill level 1 in Hexes
  1716 | D:2      | Reached skill level 1 in Summonings
  1716 | D:2      | Reached skill level 1 in Necromancy
  1716 | D:2      | Reached skill level 1 in Translocations
  1716 | D:2      | Reached skill level 1 in Transmutations
  1716 | D:2      | Reached skill level 1 in Fire Magic
  1716 | D:2      | Reached skill level 1 in Ice Magic
  1716 | D:2      | Reached skill level 1 in Air Magic
  1716 | D:2      | Reached skill level 1 in Earth Magic
  1716 | D:2      | Reached skill level 1 in Poison Magic
  2082 | D:2      | Noticed Natasha
  2101 | D:2      | Killed Natasha
  2150 | D:2      | Noticed Natasha
  2161 | D:2      | Killed Natasha
  2162 | D:2      | Reached XP level 5. HP: 35/43 MP: 12/12
  2167 | D:2      | Learned a level 4 spell: Manifold Assault
  2376 | D:3      | Gained mutation: You are somewhat inexperienced. (-1 XL)
                  | [Ru sacrifice]
  2376 | D:3      | Reached XP level 4. HP: 38/38 MP: 11/11
  2376 | D:3      | Reached *** piety under Ru
  2436 | D:3      | Noticed Sigmund
  2520 | D:3      | Found a sacrificial altar of Ru.
  2730 | D:3      | Found a stormy altar of Qazlal.
  2816 | D:3      | Found Faunej's Magic Scroll Shoppe.
  2830 | D:3      | Bought a scroll of brand weapon for 123 gold pieces
  3086 | D:3      | Killed Sigmund
  3087 | D:3      | Reached skill level 5 in Fighting
  3087 | D:3      | Reached skill level 5 in Dodging
  3087 | D:3      | Reached XP level 5. HP: 34/44 MP: 12/12
  3390 | D:4      | Reached skill level 7 in Axes
  3390 | D:4      | Reached XP level 6. HP: 44/51 MP: 14/14
  3510 | D:4      | Found an opulent altar of Gozag.
  3827 | D:4      | Found a radiant altar of Vehumet.
  4198 | D:4      | Reached XP level 7. HP: 54/56 MP: 15/15
  4541 | D:5      | Entered Level 5 of the Dungeon
  4870 | D:5      | Learned a level 2 spell: Poisonous Vapours
  4874 | D:5      | Learned a level 3 spell: Mephitic Cloud
  4887 | D:5      | Found a blossoming altar of Fedhas.
  5232 | D:5      | Gained mutation: You are missing an eye, making it more
                  | difficult to aim. [Ru sacrifice]
  5232 | D:5      | Reached **** piety under Ru
  5232 | D:5      | Reached ***** piety under Ru
  5383 | D:5      | Found a glowing golden altar of the Shining One.
  5383 | D:5      | Noticed a yak
  5383 | D:5      | Noticed a yak
  5383 | D:5      | Noticed a yak
  5383 | D:5      | Noticed a yak
  5516 | D:6      | Killed a yak
  5716 | D:5      | Killed a yak
  5717 | D:5      | Reached XP level 8. HP: 47/64 MP: 17/17
  6048 | D:3      | Bought a scroll of identify for 26 gold pieces
  6048 | D:3      | Bought a scroll of teleportation for 39 gold pieces
  6719 | D:6      | Found an ornate altar of the Wu Jian Council.
  6845 | D:7      | Noticed a two-headed ogre
  7231 | D:6      | Killed a two-headed ogre
  7232 | D:6      | Reached skill level 8 in Axes
  7437 | D:7      | Found a staircase to the Ecumenical Temple.
  7468 | D:7      | Reached skill level 5 in Invocations
  7976 | D:7      | Found a shadowy altar of Dithmenos.
  8164 | D:7      | Found Nouf's Magic Scroll Shop.
  8185 | D:7      | Bought a scroll of identify for 26 gold pieces
  8185 | D:7      | Bought a scroll of identify for 26 gold pieces
  8216 | D:7      | Found a runed translucent door.
  8217 | D:7      | Noticed Crazy Yiuf
  8235 | D:7      | Killed Crazy Yiuf
  8236 | D:7      | Reached skill level 5 in Short Blades
  8236 | D:7      | Reached skill level 5 in Long Blades
  8236 | D:7      | Reached skill level 5 in Maces & Flails
  8236 | D:7      | Reached skill level 5 in Polearms
  8236 | D:7      | Reached skill level 5 in Staves
  8236 | D:7      | Reached skill level 5 in Ranged Weapons
  8236 | D:7      | Reached skill level 5 in Throwing
  8236 | D:7      | Reached skill level 5 in Armour
  8236 | D:7      | Reached skill level 5 in Stealth
  8236 | D:7      | Reached skill level 5 in Shields
  8236 | D:7      | Reached skill level 5 in Unarmed Combat
  8354 | D:7      | Reached XP level 9. HP: 63/71 MP: 19/19
  8529 | Temple   | Entered the Ecumenical Temple
  8633 | D:7      | Found a large runed translucent door.
  8634 | D:7      | Found a large runed translucent door.
  8797 | D:7      | Found a shimmering altar of Xom.
  8800 | D:7      | Found a hide-covered altar of Uskayaw.
  8828 | D:7      | Found a hazy altar of Hepliaklqana.
  9716 | D:8      | Gained mutation: You take slightly more damage. (AC -5) [Ru
                  | sacrifice]
  9857 | D:8      | Found a staircase to the Lair.
 10061 | D:8      | Noticed Maggie
 10077 | D:8      | Killed Maggie
 10774 | D:8      | Identified a scroll of acquirement
 10774 | D:8      | Acquired 1047 gold pieces
 10920 | D:3      | Bought a scroll of acquirement for 676 gold pieces
 10920 | D:3      | Acquired a +2 demon trident of draining
 11226 | D:9      | Identified the ring "Puxoury" {Fly Int+8 Dex-5}
 11734 | D:9      | Killed from afar by an orc priest

Illustrated notes

Levels and vault maps discovered:
D:1:      lemuel_arrival_muddy, layout_basic,
          dreamdust_ecumenical_altar_angels_and_demons, minmay_circled_x
D:2:      layout_basic, basic_altar, minmay_hexomino_u4, uniq_natasha
D:3:      layout_basic, nicolae_ru_sacrificial_ziggurat,
          nicolae_overflow_crystal_walls, serial_shops, nicolae_lakefront_shop,
          uniq_sigmund
D:4:      layout_loops_corners, mainiacjoe_overflow_small_starburst,
          vehumet_altar_wand_db
D:5:      layout_loops_ring, fedhas_ov_isle_minmay, tso_altar
D:6:      layout_cave_pools, lemuel_doored_altar
D:7:      layout_loops_corners, amcnicky_altar_gilded, jmf_multi_god_temple2,
          kennysheep_little_box, minmay_temple_entry_crystal_x, serial_shops,
          kennysheep_mini, dk_noncrumbling_4, uniq_crazy_yiuf_cottage
D:8:      layout_loops_ring, david_lair_shrubbed, grunt_ministairs_13,
          uniq_maggie
D:9:      layout_gridville, mainiacjoe_overflow_catwalk
Temple:   chequers_temple_sunken

Skill      XL: |  1  2  3  4  5  6  7  8  9 |
---------------+----------------------------+-----
Spellcasting   | 5 6 7 |  7.7
Invocations    | 1 2 3 4 5 6 |  6.3
Short Blades   | 1 2 3 5 |  5.7
Long Blades    | 1 2 3 5 |  5.7
Maces & Flails | 1 2 3 5 |  5.7
Polearms       | 1 2 3 5 |  5.7
Staves         | 1 2 3 5 |  5.7
Ranged Weapons | 1 2 3 5 |  5.7
Throwing       | 1 2 3 5 |  5.7
Armour         | 1 2 3 5 |  5.7
Stealth        | 1 2 3 5 |  5.7
Shields        | 1 2 3 5 |  5.7
Unarmed Combat | 1 2 3 5 |  5.7
Hexes          | 1 2 3 4 |  4.7
Summonings     | 1 2 3 4 |  4.7
Necromancy     | 1 2 3 4 |  4.7
Translocations | 1 2 3 4 |  4.7
Transmutations | 1 2 3 4 |  4.7
Fire Magic     | 1 2 3 4 |  4.7
Ice Magic      | 1 2 3 4 |  4.7
Air Magic      | 1 2 3 4 |  4.7
Earth Magic    | 1 2 3 4 |  4.7
Poison Magic   | 1 2 3 4 |  4.7
Fighting       | 5 6 7 |  7.4
Dodging        | 5 6 7 |  7.4
Axes           | 7 8 |  8.8
Conjurations   | 6 7 |  7.3

Action                     |  1- 3 |  4- 6 |  7- 9 || total
---------------------------+-------+-------+-------++-------
  Melee: Hand axe          |   129 |       |       ||   129
         Bite              |    10 |    19 |    61 ||    90
         Whip              |     1 |   167 |   535 ||   703
         Punch             |     1 |     3 |    10 ||    14
         Quarterstaff      |       |       |   181 ||   181
  Throw: Dart              |       |       |    40 ||    40
   Cast: Kiss of Death     |       |     1 |     2 ||     3
         Mephitic Cloud    |       |       |     2 ||     2
         Hailstorm         |       |       |     1 ||     1
         Blink             |       |       |     1 ||     1
         Poisonous Vapours |       |       |     1 ||     1
         Manifold Assault  |       |       |     1 ||     1
 Invoke: Sacrifice Artific |     1 |       |       ||     1
         Sacrifice Experie |       |     1 |       ||     1
         Power Leap        |       |       |     3 ||     3
         Sacrifice an Eye  |       |       |     1 ||     1
         Sacrifice Health  |       |       |     1 ||     1
    Use: Scroll            |     3 |     2 |    14 ||    19
         Potion            |       |     1 |     7 ||     8
   Stab: Sleeping          |     1 |     6 |     6 ||    13
         Invisible         |       |     2 |     5 ||     7
         Distracted        |       |     1 |     2 ||     3
         Paralysed         |       |       |    12 ||    12
         Confused          |       |       |     1 ||     1
 Armour: Leather armour    |    26 |     3 |       ||    29
         Ring mail         |     9 |     6 |    75 ||    90
         Robe              |       |    24 |    51 ||    75
         Swamp dragon scal |       |       |    36 ||    36
  Dodge: Dodged            |    64 |    54 |   250 ||   368
